 Dungeon Sprint DCSS version 0.30-a0-737-gf23d94013f (webtiles) character file.

Game seed: 9927431739340877729

1383 rocky1 the Spear-Bearer (level 8, -4/71 HPs)
             Began as a Formicid Fighter on Feb 3, 2023.
             Was an Initiate of Gozag.
             Slain by a manticore (9 damage)
             ... in the Dungeon (Sprint IX: "|||||||||||||||||||||||||||||").
             The game lasted 00:03:24 (1248 turns).

rocky1 the Spear-Bearer (Formicid Fighter)          Turns: 1248, Time: 00:03:25

Health: -4/71      AC: 23    Str: 23    XL:     8   Next: 99%
Magic:  8/8        EV: 10    Int: 11    God:    Gozag
Gold:   242        SH:  6    Dex: 13    Spells: 7/7 levels left

rFire   + . .      SeeInvis +    n - +2 halberd (protect)
rCold   + . .      Faith    .    c - +0 buckler
rNeg    . . .      Spirit   .    k - +0 plate armour
rPois   +          Reflect  .    (helmet unavailable)
rElec   +          Harm     .    (no cloak)
rCorr   +          Rampage  .    o - +0 pair of gloves
Will    .....                    (no boots) Stlth
                                 (no amulet)
HPRegen 0.31/turn                q - +2 ring of evasion
MPRegen 0.11/turn                r - +3 ring of intelligence

@: mighty, resistant, spiked, under a protective aura
A: permanent stasis, dig shafts and tunnels, antennae 3, four strong arms
a: Dig, Renounce Religion, Potion Petition, Call Merchant, Bribe Branch


You were in the Dungeon.
You worshipped Gozag.
Gozag was aware of your devotion.
You visited 1 branch You collected 522 gold pieces.
You paid 280 gold pieces to Gozag.

Inventory:

Hand Weapons
 n - a +2 halberd of protection (weapon)
Armour
 c - a +0 buckler (worn)
 k - a +0 plate armour (worn)
 o - a +0 pair of gloves (worn)
Jewellery
 q - a +2 ring of evasion (left hand)
 r - a +3 ring of intelligence (right hand)
Wands
 m - a wand of roots (8)
Scrolls
 l - 2 scrolls of amnesia
Potions
 d - a potion of might
 e - 2 potions of curing
 h - 4 potions of magic


   Skills:
 + Level 9.4 Fighting
 + Level 11.9 Polearms
 + Level 10.8 Armour
 + Level 3.5 Dodging
 + Level 9.3 Shields
 + Level 2.4 Evocations


You had 7 spell levels left.
You didn't know any spells.
Your spell library was empty.

Dungeon Overview and Level Annotations

Branches:
Dungeon (1/1)

Altars:
Cheibriados
Dithmenos
Elyvilon
Fedhas
Gozag
Hepliaklqana
Kikubaaqudgha
Makhleb
Nemelex Xobeh
Okawaru
Qazlal
Ru
Sif Muna
Trog
Uskayaw
Vehumet
Wu Jian
Xom
Yredelemnul
Zin
The Shining One
Jiyva
Lugonu


Innate Abilities, Weirdness & Mutations

You cannot be hasted, slowed, berserked, paralysed or teleported.
You can dig through walls and to a lower floor.
You have a pair of large antennae on your head. (SInv)
Your four strong arms can wield two-handed weapons with a shield.


Message History

* * * LOW HITPOINT WARNING * * *
The manticore bites you!
* * * LOW HITPOINT WARNING * * *
The manticore claws you!
* * * LOW HITPOINT WARNING * * *
You block the manticore's attack.
Okay, then.
Okay, then.
Okay, then.
Unknown command.
You feel better. The fire elemental hits you. The fire elemental burns you!
You resist.
* * * LOW HITPOINT WARNING * * *
The manticore bites you.
* * * LOW HITPOINT WARNING * * *
The manticore claws you but does no damage.
The manticore closely misses you.
You feel better. The fire elemental hits you. The fire elemental burns you!
You resist.
* * * LOW HITPOINT WARNING * * *
The fire elemental barely misses you.
The manticore bites you but does no damage.
The manticore closely misses you.
The manticore claws you but does no damage.
You closely miss the manticore.
The manticore is lightly wounded.
You block the fire elemental's attack. The manticore bites you.
* * * LOW HITPOINT WARNING * * *
The manticore claws you but does no damage. x2
You feel better. The fire elemental hits you. The manticore bites you.
* * * LOW HITPOINT WARNING * * *
The manticore closely misses you.
The manticore claws you but does no damage.
You slash the manticore!
The manticore is heavily wounded.
The fire elemental barely misses you.
The deep elf pyromancer gestures wildly while chanting.
The deep elf pyromancer blinks!
The manticore bites you!
You die...
Your body crumbles into a pile of gold. $$$$ $ $ $ $$$$$ { {{{{{{{{$ $ $ ▓▓▓▓▓▓▓▓▓▓▓▓▓▓▓▓▓▓▓▓▓▓▓▓ ..)..[...[).EEeE@Huc...+ ▓▓▓▓▓▓▓▓▓▓▓▓▓▓▓▓▓▓▓▓▓▓▓▓

You could see a purple ugly thing, a centaur warrior, a manticore, a deep elf pyromancer and 3 fire elementals.

Vanquished Creatures
  A two-headed ogre (D)
  An unseen horror (D)
  An acid dragon (D)
  2 orc warriors (D)
  2 centaurs (D)
  A scorpion (D)
  A hound (D)
  An adder (D)
  A shadow imp (D)
  A bat (D)
  An endoplasm (D)
  A goblin (D)
  A hobgoblin (D)
  A jackal (D)
  A ball python (D)
17 creatures vanquished.

Vanquished Creatures (others)
  A troll (D)
1 creature vanquished.

Grand Total: 18 creatures vanquished

Notes
Turn   | Place    | Note
-------+----------+-------------------------------------------
     0 | D        | rocky1 the Formicid Fighter began the quest for the Orb.
     0 | D        | Reached XP level 1. HP: 18/18 MP: 1/1
    15 | D        | Reached skill level 5 in Shields
    15 | D        | Reached XP level 2. HP: 25/25 MP: 2/2
   221 | D        | Noticed a scorpion
   230 | D        | Reached skill level 3 in Polearms
   230 | D        | Reached XP level 3. HP: 31/31 MP: 3/3
   236 | D        | Reached skill level 5 in Fighting
   236 | D        | Reached skill level 5 in Armour
   236 | D        | Reached XP level 4. HP: 33/39 MP: 4/4
   242 | D        | Killed a scorpion
   243 | D        | Reached skill level 5 in Polearms
   243 | D        | Reached skill level 1 in Dodging
   243 | D        | Reached XP level 5. HP: 11/46 MP: 5/5
   613 | D        | Found a snail-covered altar of Cheibriados.
   613 | D        | Found a shadowy altar of Dithmenos.
   613 | D        | Found a white marble altar of Elyvilon.
   613 | D        | Found a blossoming altar of Fedhas.
   613 | D        | Found an opulent altar of Gozag.
   614 | D        | Found a hazy altar of Hepliaklqana.
   615 | D        | Found a viscous altar of Jiyva.
   616 | D        | Found an ancient bone altar of Kikubaaqudgha.
   617 | D        | Found a corrupted altar of Lugonu.
   618 | D        | Found a burning altar of Makhleb.
   619 | D        | Found a sparkling altar of Nemelex Xobeh.
   620 | D        | Found an iron altar of Okawaru.
   621 | D        | Became a worshipper of Gozag Ym Sagoz the Greedy
   622 | D        | Found a stormy altar of Qazlal.
   623 | D        | Found a sacrificial altar of Ru.
   624 | D        | Found a shimmering blue altar of Sif Muna.
   625 | D        | Found a bloodstained altar of Trog.
   626 | D        | Found a hide-covered altar of Uskayaw.
   627 | D        | Found a radiant altar of Vehumet.
   628 | D        | Found an ornate altar of the Wu Jian Council.
   629 | D        | Found a shimmering altar of Xom.
   630 | D        | Found a basalt altar of Yredelemnul.
   631 | D        | Found a glowing silver altar of Zin.
   632 | D        | Found a glowing golden altar of the Shining One.
   777 | D        | Noticed a centaur
   777 | D        | Noticed an orc warrior
   777 | D        | Noticed an orc warrior
   777 | D        | Noticed an unseen horror
   777 | D        | Noticed a troll
   777 | D        | Noticed an acid dragon
   785 | D        | Killed a centaur
   786 | D        | Reached skill level 6 in Polearms
   786 | D        | Reached XP level 6. HP: 42/53 MP: 6/6
   791 | D        | Killed an orc warrior
   792 | D        | Reached skill level 7 in Polearms
   798 | D        | Killed an orc warrior
   799 | D        | Reached skill level 8 in Polearms
   799 | D        | Reached skill level 1 in Evocations
   799 | D        | Reached XP level 7. HP: 13/60 MP: 7/7
   814 | D        | Killed a troll
   820 | D        | Killed an unseen horror
   821 | D        | Reached skill level 10 in Polearms
   825 | D        | Killed an acid dragon
   826 | D        | Reached XP level 8. HP: 22/69 MP: 8/8
  1229 | D        | Noticed a two-headed ogre
  1229 | D        | Noticed a deep elf pyromancer
  1229 | D        | Noticed a manticore
  1229 | D        | Noticed a purple ugly thing
  1229 | D        | Noticed a centaur warrior
  1235 | D        | Killed a two-headed ogre
  1236 | D        | Reached skill level 11 in Polearms
  1236 | D        | Reached skill level 10 in Armour
  1241 | D        | Noticed a fire elemental
  1241 | D        | Noticed a fire elemental
  1242 | D        | Noticed a fire elemental
  1243 | D        | HP: 2/71 [manticore (7)]
  1248 | D        | Slain by a manticore

Illustrated notes

Levels and vault maps discovered:
D:        linesprint [early_d, line_temple, items_1, d_10, items_2, lair_1,
          lair_end, items_3, orc_1, orc_end, items_4, d_15, swamp_1, shoals_1,
          snake_1, spider_1, d_20, vaults_1, items_5, swamp_end, shoals_end,
          snake_end, spider_end, vaults_end, d_27, items_6, zot_1, zot_end,
          crypt_end, forest_end, elf_end, slime_end, tomb_end, abyss_end,
          pan_hell_end]

Skill      XL: |  1  2  3  4  5  6  7  8 |
---------------+-------------------------+-----
Shields        | 5 6 7 8 9 |  9.3
Fighting       | 4 5 6 7 8 9 |  9.4
Armour         | 4 5 6 7 9 10 | 10.8
Polearms       | 3 5 6 8 10 11 | 11.9
Dodging        | 1 2 3 |  3.5
Evocations     | 1 2 |  2.4

Action                     |  1- 3 |  4- 6 |  7- 9 || total
---------------------------+-------+-------+-------++-------
  Melee: Trident           |    25 |     7 |       ||    32
         Halberd           |       |    17 |    35 ||    52
 Invoke: Potion Petition   |       |       |     1 ||     1
  Evoke: Wand              |       |     2 |       ||     2
    Use: Potion            |       |     1 |     6 ||     7
   Stab: Invisible         |       |       |     1 ||     1
 Armour: Scale mail        |     8 |    13 |    15 ||    36
         Plate armour      |       |       |    16 ||    16
  Dodge: Dodged            |    10 |    12 |    27 ||    49
  Block: Buckler           |     9 |     7 |    10 ||    26

Table legend: (Time is in decaauts)
 A = Elapsed time spent in this place.
 B = Non-inter-level travel time spent in this place.
 C = Inter-level travel time spent in this place.
 D = Time resting spent in this place.
 E = Time spent auto-exploring this place.
 F = Levels seen in this place.
 G = Mean time per level.
                   A        B        C        D        E       F      G
               +--------+--------+--------+--------+--------+-----+--------+
         Total |   1258 |   1258 |      0 |   1030 |      0 |   1 | 1258.0 |
       Dungeon |   1258 |   1258 |      0 |   1030 |      0 |   1 | 1258.0 |
               +--------+--------+--------+--------+--------+-----+--------+

Top non-repeatable levels by time:
       D: 1258 daAuts
